Map: Emerald City LE

Players

qqq

  • Race: Zerg Zerg

Massa

  • Race: Terran Terran
  • League: Platinum

Fluo - Winner!

  • Race: Zerg Zerg
  • League: Diamond

Xhilbert - Winner!

  • Race: Protoss Protoss
  • League: Diamond

VOD

Have the link to the VOD?

Description

Time

  • Played on: April 15, 2021, 4:38 p.m.
  • Length: 11:32
Show
View Real Time Build Order
Export as new Build Order

qqq Zerg 

Build Orders: Hatch First, Lurkers 

Get SALT Encoding   

  12  0:00  Drone  
  13  0:08  Drone  
  14  0:20  Overlord  
  14  0:47  Hatchery  
  13  0:51  Drone  
  13  0:52  Drone  
  13  0:56  Drone  
  16  1:07  Drone  
  17  1:17  Drone  
  18  1:21  Spawning Pool  
  18  1:23  Extractor  
  16  1:27  Drone  
  17  1:41  Drone  
  17  1:46  Drone  
  19  1:59  Drone  
  20  2:01  Drone  
  20  2:08  Queen  
  21  2:10  Queen  
  25  2:19  Drone  
  25  2:21  Overlord  
  26  2:26  Metabolic Boost  
  26  2:31  Zergling x2  
  26  2:33  Zergling x2  
  28  2:39  Drone  
  28  2:40  Drone  
  28  2:43  Drone  
  31  2:45  Drone  
  31  2:50  Drone  
  33  2:56  Zergling x2, Evolution Chamber  
  33  3:02  Zergling x2  
  33  3:05  Zergling x2  
  35  3:11  Zergling x2  
  36  3:22  Zergling x2  
  36  3:23  Overlord  
  36  3:27  Zerg Melee Weapons Level 1, Overlord  
  36  3:32  Overlord  
  36  3:33  Overlord  
  36  3:42  Zergling x10  
  36  3:45  Zergling x2  
  42  3:54  Zergling x4  
  44  3:58  Lair  
  44  4:00  Zergling x2  
  45  4:03  Zergling x4  
  45  4:08  Zergling x4  
  49  4:10  Zergling x2  
  49  4:14  Zergling x2  
  47  4:22  Drone x2  
  45  4:44  Drone  
  45  4:45  Drone x4  
  43  4:52  Drone x4  
  47  4:55  Extractor  
  46  5:02  Drone  
  47  5:10  Queen  
  47  5:11  Queen  
  47  5:14  Drone x2  
  52  5:17  Hatchery  
  52  5:18  Drone x2  
  53  5:36  Drone x3  
  53  5:37  Drone x5  
  61  5:43  Drone  
  61  5:48  Spire  
  61  6:06  Extractor x2  
  59  6:14  Drone x2, Zergling x10  
  64  6:19  Hatchery, Queen  
  65  6:35  Overlord x3  
  65  6:36  Overlord  
  65  6:53  Queen, Overlord x2  
  65  6:54  Drone  
  68  6:55  Queen  
  70  7:01  Drone  
  71  7:09  Spore Crawler  
  71  7:11  Spore Crawler  
  69  7:24  Drone x4, Hydralisk Den  
  72  7:41  Mutalisk x5  
  72  7:43  Mutalisk  
  84  7:46  Zerg Flyer Weapons Level 1  
  83  8:03  Spore Crawler  
  83  8:04  Queen, Spore Crawler  
  82  8:07  Mutalisk x2  
  82  8:08  Extractor x2  
  84  8:18  Drone x2, Lurker Den  
  84  8:19  Drone  
  86  8:22  Spore Crawler  
  86  8:23  Spore Crawler  
  84  8:32  Drone x2, Mutalisk  
  88  8:35  Mutalisk  
  88  8:36  Drone x2  
  88  8:37  Drone  
  88  8:38  Overlord  
  88  8:40  Queen  
  95  8:41  Hydralisk  
  95  8:48  Overlord x2  
  97  8:59  Hydralisk x3  
  103  9:07  Hydralisk  
  103  9:08  Hydralisk x2  
  109  9:12  Mutalisk  
  109  9:15  Queen  
  109  9:27  Lurker  
  109  9:28  Lurker  
  109  9:29  Lurker  
  109  9:31  Drone x5  
  117  9:41  Lurker  
  117  9:43  Lurker  
  117  9:45  Drone x3  
  122  10:15  Overlord x7  
  122  10:16  Overlord x2  
  122  10:25  Hatchery  
  121  10:34  Mutalisk x2  
  121  10:35  Mutalisk, Corruptor x4  
  135  10:55  Spine Crawler  
  135  10:56  Spine Crawler  
  133  11:02  Drone x2  
  133  11:03  Drone, Mutalisk x2  
  140  11:05  Drone x5  
  140  11:06  Drone x2  
Show
View Real Time Build Order
Export as new Build Order

Massa Terran 

Build Orders: 2 Factory, Hellion Opening 

Get SALT Encoding   

  12  0:00  SCV  
  13  0:12  SCV  
  14  0:22  Supply Depot  
  14  0:25  SCV  
  15  0:44  SCV  
  15  0:45  Barracks  
  16  0:53  Refinery  
  16  0:56  SCV  
  17  1:08  SCV  
  18  1:20  SCV  
  19  1:30  Refinery  
  19  1:32  SCV  
  20  1:42  Command Center  
  20  1:47  Orbital Command  
  20  1:59  Factory  
  20  2:18  Factory  
  20  2:19  SCV  
  21  2:33  Barracks Reactor  
  21  2:35  SCV  
  22  2:45  Supply Depot  
  22  2:47  SCV  
  23  2:52  Supply Depot  
  23  2:54  Hellion  
  23  2:55  Supply Depot  
  25  3:03  Hellion  
  27  3:20  Barracks Tech Lab  
  27  3:22  Hellion x2  
  27  3:25  SCV x2  
  33  3:27  Hellion  
  35  3:43  Hellion  
  35  3:47  Hellion  
  39  3:52  Barracks Tech Lab  
  39  3:57  Infernal Pre-Igniter  
  39  3:58  Hellion  
  39  4:01  Orbital Command  
  41  4:04  Hellion  
  41  4:05  SCV  
  34  4:43  Stimpack  
  36  4:48  SCV x2, Barracks  
  36  4:50  Barracks  
  32  4:53  Widow Mine x3  
  32  4:57  Marine  
  37  5:00  SCV x2  
  39  5:12  SCV x2  
  41  5:15  Widow Mine x2, Marine  
  41  5:16  Armory  
  41  5:19  Engineering Bay  
  46  5:33  Marine  
  47  5:36  Widow Mine x3  
  51  5:51  Marine  
  51  6:06  Barracks Reactor x2  
  51  6:09  Marine  
  52  6:25  Thor  
  52  6:26  Marine  
  52  6:27  Widow Mine  
  52  6:28  Combat Shield  
  61  6:38  Supply Depot  
  61  6:40  Supply Depot x2  
  61  6:41  Supply Depot  
  61  6:44  Marine  
  62  6:59  Marine x4  
  62  7:00  Widow Mine x2  
  70  7:02  Marine  
  70  7:03  SCV x2, Missile Turret  
  73  7:15  SCV x2  
  75  7:17  Marine x4  
  75  7:20  Marine  
  80  7:26  Widow Mine x3  
  80  7:28  Command Center  
  86  7:35  Marine  
  87  7:37  Marine x3  
  87  7:38  Marine  
  91  7:47  Widow Mine  
  93  7:53  Marine  
  94  8:05  Supply Depot x2  
  94  8:06  Terran Infantry Weapons Level 1, Supply Depot x3  
  94  8:07  Supply Depot  
  94  8:09  Concussive Shells  
  94  8:26  SCV x2, Marine x3  
  101  8:27  Widow Mine  
  101  8:28  Supply Depot  
  101  8:29  Supply Depot x2  
  101  8:30  Supply Depot  
  101  8:32  Supply Depot  
  101  8:33  Refinery x2, Supply Depot  
  101  8:37  Terran Vehicle And Ship Armor Level 1  
  101  8:38  SCV x2  
  101  8:41  Starport  
  103  8:42  Engineering Bay  
  103  8:47  Orbital Command  
  103  8:51  SCV x2  
  105  9:03  SCV x2  
  105  9:09  Widow Mine  
  109  9:10  Widow Mine x2  
  109  9:11  Marine x5  
  109  9:15  SCV  
  119  9:17  SCV x2  
  119  9:30  SCV x3  
  119  9:31  Widow Mine x3  
  116  9:34  Drilling Claws  
  120  9:42  SCV  
  121  9:52  Widow Mine  
  123  9:53  Widow Mine  
  129  10:21  Widow Mine x3  
  129  10:22  Marine x3  
  129  10:23  Marauder, Marine  
  133  10:33  Refinery  
  133  10:34  Refinery, Barracks  
  133  10:35  Barracks, Starport Reactor  
  131  10:39  Marine  
  131  10:40  Marine  
  131  10:42  Widow Mine  
  137  10:43  Widow Mine  
  137  10:44  Marauder  
  139  10:50  Marine x2  
  139  10:55  Widow Mine  
  143  10:57  SCV x3, Marine  
  143  10:58  Marine  
  143  11:04  Widow Mine x2  
  152  11:05  Marauder  
  152  11:08  Marine x2  
  152  11:09  SCV  
  157  11:12  Command Center  
Show
View Real Time Build Order
Export as new Build Order

Fluo Zerg - Winner!

Build Orders: Hatch First, Zergling Baneling 

Get SALT Encoding   

  12  0:00  Drone  
  13  0:12  Overlord  
  13  0:19  Drone  
  14  0:31  Drone x2  
  16  0:39  Drone  
  17  0:54  Hatchery  
  16  0:57  Drone  
  16  1:00  Drone  
  18  1:13  Spawning Pool  
  18  1:17  Extractor  
  16  1:19  Drone  
  17  1:27  Drone  
  18  1:37  Drone  
  19  1:42  Drone  
  20  2:00  Queen  
  22  2:02  Overlord  
  22  2:06  Queen  
  22  2:07  Zergling x4  
  26  2:11  Zergling x2  
  27  2:18  Metabolic Boost  
  27  2:23  Drone x2  
  27  2:28  Zergling x2  
  30  2:47  Baneling Nest  
  30  2:49  Hatchery  
  30  2:50  Drone  
  29  3:00  Drone x3  
  32  3:08  Zergling x6  
  35  3:13  Overlord  
  35  3:18  Drone  
  36  3:31  Baneling x2  
  36  3:34  Baneling  
  36  3:35  Baneling x3  
  36  3:36  Zergling x8  
  36  3:37  Drone  
  41  3:47  Zergling x6  
  44  3:57  Zergling x2  
  44  4:02  Zergling x2  
  42  4:03  Zergling x12  
  42  4:08  Baneling x2  
  43  4:25  Zergling x4  
  43  4:26  Baneling, Zergling x10  
  47  4:32  Baneling x2  
  44  4:39  Zergling x2  
  44  4:40  Zergling x2  
  41  4:48  Drone x4  
  41  4:49  Drone, Queen  
  41  4:50  Baneling  
  41  4:51  Baneling  
  48  4:59  Drone  
  49  5:00  Overlord  
  49  5:18  Queen  
  49  5:37  Drone x9  
  49  5:39  Overlord x3  
  49  5:42  Lair  
  58  5:53  Evolution Chamber  
  58  5:55  Evolution Chamber  
  54  6:13  Zergling x2  
  54  6:14  Zergling x22  
  62  6:23  Baneling x4  
  60  6:29  Extractor  
  60  6:31  Extractor  
  58  6:34  Drone x3  
  58  6:36  Extractor, Zerg Melee Weapons Level 1  
  58  6:38  Zerg Ground Armor Level 1  
  60  6:58  Drone x8  
  60  6:59  Drone x3  
  71  7:06  Zergling x8  
  75  7:14  Hydralisk Den  
  74  7:17  Drone x6  
  68  7:43  Hydralisk x7  
  82  7:50  Baneling x5  
  82  7:59  Spine Crawler x2  
  82  8:01  Centrifical Hooks, Spore Crawler  
  79  8:09  Overlord x5  
  79  8:13  Grooved Spines  
  79  8:19  Roach Warren  
  78  8:20  Overlord  
  78  8:21  Overlord x2  
  78  8:33  Zerg Missile Weapons Level 1  
  78  8:34  Lurker Den  
  77  8:38  Zerg Melee Weapons Level 2  
  77  8:42  Extractor x2  
  75  8:48  Overseer  
  75  8:57  Pneumatized Carapace  
  75  9:08  Drone  
  75  9:09  Drone x18  
  93  9:23  Hatchery  
  92  9:27  Zergling x2  
  92  9:28  Zergling x8  
  96  9:41  Glial Reconstitution, Muscular Augments  
  96  9:50  Infestation Pit  
  93  10:31  Hydralisk  
  93  10:32  Hydralisk x17  
  129  10:46  Queen  
  131  10:50  Drone x7  
Show
View Real Time Build Order
Export as new Build Order

Xhilbert Protoss - Winner!

Build Orders: 1 Gate Expand, Carriers 

Get SALT Encoding   

  12  0:00  Probe  
  13  0:12  Probe  
  14  0:17  Pylon  
  14  0:24  Probe  
  15  0:36  Gateway  
  15  0:38  Probe  
  16  0:50  Probe  
  17  0:57  Assimilator  
  17  1:02  Probe  
  18  1:14  Probe  
  19  1:26  Nexus  
  19  1:35  Probe  
  19  1:40  Cybernetics Core  
  19  1:47  Probe  
  19  1:48  Assimilator  
  20  1:59  Probe  
  21  2:11  Probe  
  22  2:23  Probe (Chrono Boost)  
  23  2:32  Pylon  
  23  2:37  Stalker  
  23  2:39  Probe (Chrono Boost)  
  23  2:43  Probe (Chrono Boost)  
  27  2:44  Probe (Chrono Boost)  
  27  2:47  Stargate  
  28  2:52  Probe (Chrono Boost)  
  28  2:55  Warp Gate  
  28  2:56  Probe (Chrono Boost)  
  30  3:05  Probe (Chrono Boost)  
  32  3:06  Pylon  
  32  3:07  Probe (Chrono Boost)  
  32  3:10  Probe (Chrono Boost)  
  32  3:11  Probe (Chrono Boost)  
  33  3:15  Shield Battery  
  33  3:17  Stalker  
  33  3:19  Probe  
  37  3:21  Probe  
  38  3:31  Probe, Void Ray (Chrono Boost)  
  38  3:33  Probe  
  40  3:35  Pylon  
  44  3:43  Probe  
  44  3:45  Probe  
  46  3:55  Probe  
  47  3:57  Probe  
  48  4:05  Void Ray (Chrono Boost)  
  48  4:07  Probe  
  49  4:10  Assimilator  
  49  4:14  Assimilator  
  53  4:32  Void Ray (Chrono Boost)  
  57  4:49  Probe x2  
  57  4:51  Nexus  
  59  4:55  Assimilator  
  59  4:59  Assimilator  
  59  5:01  Probe x2, Pylon  
  59  5:04  Pylon  
  59  5:06  Pylon  
  61  5:07  Pylon  
  61  5:09  Pylon  
  61  5:10  Fleet Beacon  
  61  5:13  Probe  
  62  5:15  Pylon  
  62  5:19  Probe, Pylon  
  63  5:25  Probe  
  64  5:30  Robotics Facility  
  64  5:31  Probe  
  64  5:34  Forge  
  65  5:37  Probe, Stargate  
  65  5:39  Gateway  
  66  5:43  Probe  
  66  5:49  Probe  
  68  5:52  Stalker  
  68  5:54  Gateway  
  70  6:01  Shield Battery  
  70  6:04  Shield Battery  
  70  6:05  Carrier  
  76  6:13  Photon Cannon  
  76  6:16  Photon Cannon  
  76  6:22  Probe x3  
  79  6:34  Probe x2  
  79  6:35  Probe  
  82  6:46  Probe  
  82  6:47  Probe x2  
  85  7:00  Probe (Chrono Boost)  
  87  7:02  Photon Cannon  
  87  7:03  Probe (Chrono Boost)  
  87  7:05  Photon Cannon  
  87  7:10  Probe (Chrono Boost), Protoss Shields Level 1  
  87  7:12  Observer  
  87  7:13  Carrier (Chrono Boost)  
  87  7:15  Probe (Chrono Boost)  
  96  7:27  Probe  
  97  7:34  Carrier (Chrono Boost)  
  103  7:39  Observer, Probe (Chrono Boost), Nexus  
  103  7:43  Assimilator  
  105  7:44  Assimilator  
  105  7:46  Mothership (Chrono Boost)  
  105  7:48  Photon Cannon, Pylon  
  105  7:51  Observer  
  113  7:54  Photon Cannon  
  112  8:18  Void Ray (Chrono Boost)  
  116  8:23  Stargate  
  116  8:27  Pylon, Void Ray (Chrono Boost)  
  116  8:31  Pylon  
  120  8:37  Nexus  
  120  8:41  Pylon  
  120  8:44  Pylon  
  120  8:47  Pylon  
  120  8:48  Assimilator  
  120  8:54  Pylon, Assimilator  
  120  8:56  Pylon  
  120  8:57  Pylon  
  120  8:59  Pylon  
  120  9:01  Nexus  
  119  9:05  Pylon  
  119  9:07  Carrier x2  
  119  9:08  Pylon  
  131  9:10  Carrier  
  137  9:30  Probe x2  
  139  9:33  Probe  
  139  9:37  Photon Cannon  
  140  9:39  Photon Cannon  
  140  9:42  Probe x2, Photon Cannon  
  140  9:45  Photon Cannon  
  143  9:46  Probe (Chrono Boost)  
  143  9:49  Shield Battery  
  143  9:51  Shield Battery  
  143  9:55  Probe (Chrono Boost)  
  147  10:00  Probe x2 (Chrono Boost)  
  147  10:03  Probe (Chrono Boost)  
  147  10:04  Probe (Chrono Boost)  
  150  10:07  Observer  
  150  10:08  Probe x2 (Chrono Boost)  
  150  10:09  Probe x2 (Chrono Boost)  
  153  10:16  Stargate  
  153  10:17  Stargate  
  153  10:18  Probe  
  153  10:19  Probe  
  153  10:21  Probe, Stargate  
  156  10:23  Photon Cannon  
  156  10:26  Photon Cannon  
  154  10:33  Probe  
  151  10:39  Photon Cannon  
  151  10:41  Photon Cannon  
  151  10:43  Photon Cannon  
  151  10:46  Void Ray  
  151  10:47  Photon Cannon  
  151  10:52  Photon Cannon, Assimilator  
  151  10:55  Photon Cannon  
  161  10:59  Shield Battery  
  161  11:00  Cybernetics Core  
  161  11:01  Shield Battery  
  161  11:12  Twilight Council  
  161  11:16  Photon Cannon  
Tags
 
Add a new tag
Caveats
  • Supply blocks, unpowered buildings, or Contaminate may cause inaccurate times.
  • Supply counts are checked every 10 seconds.